 Dungeon Sprint DCSS version 0.22-a0-42-g002c468 (webtiles) character file.

21476 theanonym the Warrior (level 12, 0/189 HPs)
             Began as a Deep Dwarf Fighter on Jan 5, 2018.
             Was the Champion of Makhleb.
             Slain by an ancient lich (4 damage)
             ... in the Dungeon (Sprint V: "Ziggurat Sprint").
             The game lasted 00:06:00 (449 turns).

theanonym the Warrior (Deep Dwarf Fighter)           Turns: 449, Time: 00:06:01

Health: 0/189      AC: 23    Str: 42    XL:     12   Next: 54%
Magic:  9/9        EV:  2    Int:  9    God:    Makhleb [******]
Gold:   0          SH: 35    Dex: 12    Spells: 11/11 levels left

rFire    + . .     SeeInvis .   H - +6 shillelagh "Devastator" {shatter}
rCold    + . .     Gourm    .   G - +18 shield of the Gong {rElec rN+ MR+ EV-5}
rNeg     + . .     Faith    .   t - +9 gold dragon scales {23 rF+ rC+ rPois}
rPois    +         Spirit   .   (no helmet)
rElec    +         Reflect  +   (no cloak)
rCorr    .         Harm     .   (no gloves)
MR       ++...     NoTele   +   (no boots)
Stlth    ..........             K - +2 amulet of reflection
HPRegen  0.00/turn              E - +6 ring of strength
MPRegen  0.11/turn              F - +6 ring of strength

@: mighty, berserking, flayed, non-regenerating, hasted, heavily drained, very
quick
A: damage resistance, heal wounds, deformed body, frail 1, low mp 1, sense
surroundings 2, no regeneration
a: Heal Wounds, Minor Destruction, Lesser Servant of Makhleb, Major Destruction,
Greater Servant of Makhleb, Renounce Religion


Innate Abilities, Weirdness & Mutations

You are resistant to damage.
You can heal yourself by infusing magical energy.
You passively map the area around you.
You do not regenerate.
Armour fits poorly on your strangely shaped body.
You are frail. (-10% HP)
Your magical capacity is low. (-10% MP)


   Skills:
 * Level 18.9(16.2) Fighting
 - Level 14.0(11.6) Maces & Flails
 + Level 18.6(16.0) Armour
 - Level 15.0(12.5) Shields


You had 11 spell levels left.
You didn't know any spells.

Skill      XL: |  1  2  3  4  5  6  7  8  9 10 11 12 |
---------------+-------------------------------------+-----
Maces & Flails | 7 8 9 10 11 12 13 14 | 14.0
Fighting       | 4 5 6 8 9 10 12 15 17 18 | 18.9
Armour         | 4 5 7 8 9 10 14 17 18 | 18.6
Shields        | 4 5 7 8 9 10 13 15 | 15.0

Action                   |  1- 3 |  4- 6 |  7- 9 | 10-12 || total
-------------------------+-------+-------+-------+-------++-------
Melee: Shillelagh        |     1 |     7 |    43 |   162 ||   213
 Abil: Heal Wounds       |       |       |       |     6 ||     6
  Use: Potion            |     1 |       |       |     8 ||     9
       Scroll            |       |       |       |     4 ||     4
 Stab: Invisible         |       |       |       |     7 ||     7
Armor: Gold dragon scale |     2 |     3 |     9 |    78 ||    92
Dodge: Dodged            |       |       |       |     6 ||     6
Block: Shield            |     3 |     8 |    43 |   239 ||   293
       Reflection        |       |       |       |     4 ||     4

Inventory:

Hand Weapons
 a - a +0 flail
 H - the +6 shillelagh "Devastator" (weapon) {shatter}
   (You found it in the Dungeon)
Armour
 c - a +0 shield
 k - a +0 scale mail {10}
 t - +9 gold dragon scales (worn) {23 rF+ rC+ rPois}
   (You found it in the Dungeon)
 G - the +18 shield of the Gong (worn) {rElec rN+ MR+ EV-5}
   (You found it in the Dungeon)

   It affects your evasion (-5).
   It insulates you from electricity.
   It protects you from negative energy.
   It affects your resistance to hostile enchantments.
Jewellery
 A - a +6 ring of dexterity
   (You found it in the Dungeon)
 B - a +6 ring of dexterity
   (You found it in the Dungeon)
 C - a +6 ring of intelligence
   (You found it in the Dungeon)
 D - a +6 ring of intelligence
   (You found it in the Dungeon)
 E - a +6 ring of strength (left hand)
   (You found it in the Dungeon)
 F - a +6 ring of strength (right hand)
   (You found it in the Dungeon)
 K - a +2 amulet of reflection (around neck)
   (You found it in the Dungeon)
Wands
 v - a wand of acid (7)
   (You found it in the Dungeon)
 x - a wand of disintegration (7)
   (You found it in the Dungeon)
 y - a wand of iceblast (7)
   (You found it in the Dungeon)
Scrolls
 b - 4 scrolls of blinking
 f - 7 scrolls of fog
 p - 4 scrolls of amnesia
 r - 5 scrolls of identify
 s - a scroll of holy word
 u - 5 scrolls of remove curse
 z - 2 scrolls of fear
Potions
 d - 6 potions of might
 g - 2 potions of brilliance
 h - 8 potions of haste
 i - 7 potions of magic
 j - a potion of berserk rage
 l - a potion of invisibility
 m - 3 potions of resistance {rF+ rC+}
 o - 5 potions of agility
 q - 14 potions of heal wounds
 w - 10 potions of curing
Miscellaneous
 I - a fan of gales
   (You found it in the Dungeon)
Comestibles
 e - 7 rations You were in the Dungeon. You worshipped Makhleb. Makhleb was exalted by your worship. You were not hungry. You visited 1 branch

Dungeon Overview and Level Annotations

Branches:
Dungeon (1/1)

Altars:
Ashenzari
Cheibriados
Dithmenos
Elyvilon
Fedhas
Gozag
Hepliaklqana
Kikubaaqudgha
Makhleb
Nemelex Xobeh
Okawaru
Qazlal
Ru
Sif Muna
Trog
Uskayaw
Vehumet
Wu Jian
Xom
Yredelemnul
Zin
The Shining One
Beogh
Jiyva
Lugonu

≈ , ,,▓...)....▓. * *
▓..[.[}:....▓........▓.
© ,
▓...[..[)...▓...©....▓.
,, ,
▓...........▓▓▓▓▓▓▓▓▓▓▓
,
,▓...........▓...8©8...▓
, ,,
▓...........▓..):?)...▓
,,
....){.....▓...|)[...▓
,▓.VLn)▓ ▓.........▓ ,,
▓▓2@V▓▓ ,▓.........▓ ,
,▓..▓.{{W.▓..▓...†.....▓
, ,
▓.....©.....▓.........▓
*
,▓▓▓▓▓▓▓▓▓▓▓▓▓.........▓
*
▓....8©8....▓....©....▓
,,,,
▓..)[}):}|..▓▓▓▓▓▓▓▓▓▓▓
© ,,
▓...[[)})...▓...8©8...▓
*
▓...........▓..:"[.}..▓
,
▓...........▓....=....▓


You could see a ghoul, an ancient lich, a vampire knight, a blizzard demon, a
jiangshi and a flayed ghost.

Notes
Turn   | Place    | Note
-------+----------+-------------------------------------------
     0 | D        | Found the +6 Majin-Bo {vamp, Archmagi MP+6 Int+6}
     0 | D        | Found the +7 great mace "Firestarter" {inner flame, rF++}
     0 | D        | theanonym the Deep Dwarf Fighter began the quest for the Orb.
     0 | D        | Reached XP level 1. HP: 20/20 MP: 1/1
     2 | D        | Killed Dowan
     5 | D        | Found a deep blue altar of Sif Muna.
     5 | D        | Found a sacrificial altar of Ru.
     5 | D        | Found a bloodstained altar of Trog.
     5 | D        | Found a stormy altar of Qazlal.
     5 | D        | Found an iron altar of Okawaru.
     5 | D        | Found a sparkling altar of Nemelex Xobeh.
     5 | D        | Found a blossoming altar of Fedhas.
     5 | D        | Killed Purgy
     7 | D        | Found a transporter.
     7 | D        | Found an ancient bone altar of Kikubaaqudgha.
     7 | D        | Found a viscous altar of Jiyva.
     7 | D        | Found a corrupted altar of Lugonu.
     7 | D        | Found a hazy altar of Hepliaklqana.
     7 | D        | Found a burning altar of Makhleb.
     7 | D        | Found an opulent altar of Gozag.
     8 | D        | Killed a death ooze
    22 | D        | Found the +9 heavy crossbow "Sniper" {velocity, Acc+∞ SInv}
    22 | D        | Found the +10 dark maul {crush}
    22 | D        | Found the +15 Maxwell's patent armour {-Cast -Tele rElec MR+ rCorr}
    22 | D        | Found the +18 shield of the Gong {rElec rN+ MR+ EV-5}
    22 | D        | Found the cursed +14 obsidian axe {chop, +Fly SInv *Curse}
    24 | D        | Found the +6 shillelagh "Devastator" {shatter}
    24 | D        | Found the +11 plutonium sword {*Contam Stlth-}
    24 | D        | Found the +8 lance "Wyrmbane" {slay drac, rPois rF+ rC+ AC+3}
    24 | D        | Found the +9 sword of Zonguldrok {reap}
    24 | D        | Found the cursed +13 scythe of Curses {drain, *Curse}
    24 | D        | Found the +0 sword of Power
    24 | D        | Found the +11 mace of Variability {chaos}
    24 | D        | Found the +7 Singing Sword
    24 | D        | Found the +7 longbow "Piercer" {penet, EV-2}
    50 | D        | Became a worshipper of Makhleb the Destroyer
    57 | D        | Reached skill level 7 in Maces & Flails
    57 | D        | Reached XP level 2. HP: 27/27 MP: 2/2
    58 | D        | Entered arena 2.
    58 | D        | Noticed a black bear
    58 | D        | Noticed a wolf
    58 | D        | Found a transporter.
    60 | D        | Killed a black bear
    60 | D        | Reached skill level 4 in Fighting
    60 | D        | Reached skill level 8 in Maces & Flails
    60 | D        | Reached skill level 4 in Armour
    60 | D        | Reached skill level 4 in Shields
    60 | D        | Reached XP level 3. HP: 37/37 MP: 3/3
    60 | D        | Reached XP level 4. HP: 45/45 MP: 4/4
    61 | D        | Killed a wolf
    61 | D        | Reached skill level 5 in Fighting
    61 | D        | Reached skill level 9 in Maces & Flails
    61 | D        | Reached skill level 5 in Armour
    61 | D        | Reached skill level 5 in Shields
    61 | D        | Reached XP level 5. HP: 54/54 MP: 5/5
    67 | D        | Entered arena 3.
    67 | D        | Noticed a porcupine
    67 | D        | Found a transporter.
    70 | D        | Killed a porcupine
    70 | D        | Reached * piety under Makhleb
    70 | D        | Reached skill level 6 in Fighting
    70 | D        | Reached skill level 10 in Maces & Flails
    70 | D        | Reached XP level 6. HP: 63/63 MP: 6/6
    70 | D        | Reached skill level 6 in Armour
    70 | D        | Reached skill level 6 in Shields
    71 | D        | Reached skill level 7 in Fighting
    77 | D        | Entered arena 4.
    77 | D        | Noticed a yak
    77 | D        | Found a transporter.
    79 | D        | Reached ** piety under Makhleb
    81 | D        | Killed a yak
    81 | D        | Reached skill level 8 in Fighting
    81 | D        | Reached skill level 11 in Maces & Flails
    81 | D        | Reached skill level 7 in Armour
    81 | D        | Reached skill level 7 in Shields
    81 | D        | Reached XP level 7. HP: 74/74 MP: 7/7
    93 | D        | Entered arena 5.
    93 | D        | Noticed Sigmund
    93 | D        | Noticed Jessica
    93 | D        | Noticed Blork the orc
    93 | D        | Noticed Crazy Yiuf
    93 | D        | Found a transporter.
    95 | D        | Killed Crazy Yiuf
    95 | D        | Reached *** piety under Makhleb
    95 | D        | Killed Jessica
    95 | D        | Killed Blork the orc
    98 | D        | Killed Sigmund
    98 | D        | Reached skill level 9 in Fighting
   105 | D        | Killed Urug
   107 | D        | Entered arena 6.
   107 | D        | Noticed a flying skull
   107 | D        | Noticed a mummy priest
   107 | D        | Found a transporter.
   110 | D        | Noticed an ice devil
   110 | D        | Killed a flying skull
   110 | D        | Reached **** piety under Makhleb
   110 | D        | Reached skill level 12 in Maces & Flails
   110 | D        | Reached skill level 8 in Armour
   110 | D        | Reached skill level 8 in Shields
   110 | D        | Reached XP level 8. HP: 85/85 MP: 8/8
   112 | D        | Noticed a phantasmal warrior
   117 | D        | Noticed a freezing wraith
   117 | D        | Killed a mummy priest
   117 | D        | Reached skill level 10 in Fighting
   117 | D        | Reached skill level 13 in Maces & Flails
   117 | D        | Reached skill level 9 in Armour
   117 | D        | Reached skill level 9 in Shields
   119 | D        | Reached ***** piety under Makhleb
   124 | D        | Entered arena 7.
   124 | D        | Noticed a five-headed hydra
   125 | D        | Gained mutation: You passively map the area around you. [Deep Dwarf growth]
   125 | D        | Reached XP level 9. HP: 94/94 MP: 9/9
   126 | D        | Found a transporter.
   132 | D        | Killed a five-headed hydra
   132 | D        | Reached skill level 11 in Fighting
   132 | D        | Reached skill level 10 in Shields
   133 | D        | Killed Terence
   141 | D        | Entered arena 8.
   141 | D        | Noticed a naga mage
   142 | D        | Found a transporter.
   148 | D        | Reached ****** piety under Makhleb
   148 | D        | Reached skill level 14 in Maces & Flails
   148 | D        | Reached skill level 10 in Armour
   154 | D        | Killed a naga mage
   154 | D        | Reached skill level 12 in Fighting
   161 | D        | Entered arena 9.
   162 | D        | Found a transporter.
   177 | D        | Entered arena 10.
   177 | D        | Noticed a black mamba
   178 | D        | Found a transporter.
   180 | D        | Killed a black mamba
   180 | D        | Reached XP level 10. HP: 108/108 MP: 10/10
   180 | D        | Reached skill level 11 in Shields
   184 | D        | Reached skill level 11 in Armour
   199 | D        | Entered arena 11.
   199 | D        | Noticed a brown ugly thing
   202 | D        | Found a transporter.
   204 | D        | Reached skill level 13 in Fighting
   205 | D        | Killed a brown ugly thing
   205 | D        | Reached skill level 12 in Armour
   212 | D        | Gained mutation: Your magical capacity is low. (-10% MP) [a neqoxec]
   217 | D        | Gained mutation: Armour fits poorly on your strangely shaped body. [a neqoxec]
   219 | D        | Gained mutation: You are frail. (-10% HP) [a neqoxec]
   223 | D        | Reached skill level 12 in Shields
   264 | D        | Entered arena 12.
   264 | D        | Noticed a fire dragon
   264 | D        | Noticed a fire giant
   264 | D        | Noticed a fire giant
   265 | D        | Noticed a fire giant
   265 | D        | Noticed a hell hog
   268 | D        | Found a transporter.
   268 | D        | HP: 39/99 [fire giant/bolt of fire (15)]
   268 | D        | HP: 19/99 [fire dragon/blast of flame (20)]
   270 | D        | HP: 6/99 [efreet/bolt of fire (13)]
   272 | D        | HP: 1/99 [hell hound/blast of flame (5)]
   275 | D        | Killed a fire giant
   275 | D        | Reached skill level 14 in Fighting
   275 | D        | Reached skill level 14 in Armour
   275 | D        | Killed a fire giant
   275 | D        | Reached skill level 15 in Fighting
   275 | D        | Reached skill level 13 in Shields
   275 | D        | Reached XP level 11. HP: 48/109 MP: 9/9
   277 | D        | HP: 38/109 [fire dragon/blast of flame (10)]
   278 | D        | Killed a fire giant
   278 | D        | Reached skill level 15 in Armour
   279 | D        | Killed a hell hog
   284 | D        | HP: 52/111 [efreet/fireball (5)]
   286 | D        | Killed a fire dragon
   286 | D        | Reached skill level 16 in Fighting
   286 | D        | Reached skill level 16 in Armour
   294 | D        | HP: 55/111 [efreet/bolt of fire (4)]
   295 | D        | Reached skill level 14 in Shields
   300 | D        | HP: 53/111 [efreet/bolt of fire (3)]
   318 | D        | Entered arena 13.
   318 | D        | Noticed a soul eater
   319 | D        | Found the +0 Maxwell's etheric cage {RegenMP+ *Contam rElec MP+4}
   319 | D        | Noticed a soul eater
   319 | D        | Noticed a shadow dragon
   322 | D        | Found a transporter.
   342 | D        | HP: 54/111 [shadow dragon (3)]
   348 | D        | HP: 54/166 [soul eater/drain life (7)]
   354 | D        | HP: 46/166 [shadow dragon/bolt of negative energy (8)]
   356 | D        | Killed a shadow dragon
   359 | D        | HP: 38/169 [soul eater/drain life (5)]
   363 | D        | Killed a soul eater
   363 | D        | Reached skill level 17 in Armour
   368 | D        | Killed a soul eater
   383 | D        | Entered arena 14.
   384 | D        | Noticed a frost giant
   384 | D        | Noticed a two-headed ogre
   385 | D        | Noticed a stone giant
   385 | D        | Noticed a two-headed ogre
   385 | D        | Noticed a stone giant
   385 | D        | Noticed a stone giant
   386 | D        | Found the cursed -5 robe of Misfortune {-Cast *Contam *Tele *Drain EV-5 Stlth-- *Curse}
   386 | D        | Found a transporter.
   388 | D        | Killed a two-headed ogre
   388 | D        | Reached skill level 17 in Fighting
   391 | D        | Killed a two-headed ogre
   391 | D        | Reached skill level 15 in Shields
   391 | D        | Reached XP level 12. HP: 122/122 MP: 9/9
   398 | D        | Killed a frost giant
   399 | D        | Killed a stone giant
   399 | D        | Reached skill level 18 in Fighting
   401 | D        | Reached skill level 18 in Armour
   410 | D        | Killed a stone giant
   411 | D        | Killed a stone giant
   421 | D        | Entered arena 15.
   421 | D        | Noticed a vampire mage
   421 | D        | Noticed a vampire mage
   423 | D        | Noticed a vampire knight
   424 | D        | Noticed a ghoul
   424 | D        | Noticed an ancient lich
   430 | D        | Found the +8 orange crystal plate armour {Archmagi, Int+3 Clar}
   439 | D        | Noticed a jiangshi
   442 | D        | HP: 61/126 [ghoul (8)]
   445 | D        | HP: 27/189 [ghoul (11)]
   446 | D        | HP: 13/189 [something (14)]
   448 | D        | Noticed a blizzard demon
   449 | D        | HP: 4/189 [ghoul (4)]
   449 | D        | Slain by an ancient lich

Vanquished Creatures
  A shadow dragon (D)
  3 fire giants (D)
  A frost giant (D)
  3 stone giants (D)
  A mummy priest (D)
  A fire dragon (D)
  A hydra (D)
  A hell hog (D)
  2 two-headed ogres (D)
  2 soul eaters (D)
  2 cyclopes (D)
  An ugly thing (D)
  A black mamba (D)
  A naga mage (D)
  2 efreet (D)
  A rime drake (shapeshifter) (D)
  2 trolls (D)
  A jumping spider (shapeshifter) (D)
  A blink frog (shapeshifter) (D)
  A flying skull (D)
  A spriggan (shapeshifter) (D)
  Sigmund (D)
  A vampire (D)
  A yak (D)
  4 neqoxecs (D)
  A naga (D)
  5 water moccasins (D)
  A porcupine (D)
  4 hell hounds (D)
  A black bear (D)
  4 wolves (D)
  2 ogres (D)
  Blork the orc (D)
  3 bullfrogs (D)
  3 wights (D)
  Crazy Yiuf (D)
  Jessica (D)
  3 iguanas (D)
  3 mummies (D)
  5 adders (D)
  A river rat (D)
  A spectral adder (D)
  2 adder zombies (D)
  A ball python (D)
  2 bat skeletons (D)
  A bat zombie (D)
  A ball python zombie (D)
  A giant cockroach zombie (D)
  3 leopard gecko skeletons (D)
  2 quokka skeletons (D)
  A quokka zombie (D)
  A spectral jackal (D)
  A fire vortex (D)
93 creatures vanquished.

Vanquished Creatures (others)
  A death ooze (D)
  Urug (D)
  Purgy (D)
  Dowan (D)
  Terence (D)
5 creatures vanquished.

Grand Total: 98 creatures vanquished

Table legend:
 A = Turns spent in this place as a percentage of turns spent in the entire game.
 B = Non-inter-level travel turns spent in this place as a percentage of non-inter-level travel turns spent in the entire game.
 C = Inter-level travel turns spent in this place as a percentage of turns spent in this place.
 D = Turns resting spent in this place as a percentage of non-inter-level travel turns spent in this place.
 E = Turns spent auto-exploring this place as a percentage of non-inter-level travel turns spent in this place.
 F = Non-inter-level travel turns spent in this place divided by the number of levels of this place that you've seen.
                   A       B       C       D       E      F
               +-------+-------+-------+-------+-------+----------------------
         Total | 100.0 | 100.0 |   0.0 |   5.3 |   0.0 | 449.0
       Dungeon | 100.0 | 100.0 |   0.0 |   5.3 |   0.0 | 449.0
               +-------+-------+-------+-------+-------+----------------------
